 Dungeon Crawl Stone Soup version 0.30-a0-1085-g990a428a5c (webtiles) character file.

Game seed: 1998222215278362525

7688 Pimp the Cleaver (level 11, -7/97 HPs)
             Began as a Hill Orc Fighter on Apr 16, 2023.
             Was an Elder of Cheibriados.
             Mangled by samgaumpmail's ghost (20 damage)
             ... on level 8 of the Dungeon.
             The game lasted 00:13:30 (7947 turns).

Pimp the Cleaver (Hill Orc Fighter)                 Turns: 7947, Time: 00:13:30

Health: -7/97      AC: 13    Str: 32    XL:     11   Next: 19%
Magic:  23/23      EV: 10    Int: 20    God:    Cheibriados [****..]
Gold:   512        SH:  9    Dex: 20    Spells: 26/26 levels left

rFire   . . .      SeeInvis .    z - +3 war axe
rCold   . . .      Faith    .    p - +2 buckler
rNeg    . . .      Spirit   .    w - +0 swamp dragon scales
rPois   +          Reflect  .    (no helmet)
rElec   .          Rampage  .    (no cloak)
rCorr   .                        B - +1 pair of gloves
Will    .....                    A - +0 pair of boots
Stlth   +                        (no amulet)
HPRegen 0.36/turn                (no ring)
MPRegen 0.18/turn                (no ring)

@: very slow
A: no striking features
a: Renounce Religion, Bend Time, Temporal Distortion, Slouch


You were on level 8 of the Dungeon.
You worshipped Cheibriados.
Cheibriados was greatly pleased with you.
You visited 1 branch of the dungeon, and saw 8 of its levels.
You also visited: Ossuary.

You collected 512 gold pieces.

Inventory:

Hand Weapons
 a - a +1 war axe
 z - a +3 war axe (weapon)
Armour
 b - a +0 scale mail
 c - a +0 buckler
 f - a +0 plate armour
 g - a +0 scale mail of fire resistance
 i - a +0 pair of gloves
 p - a +2 buckler (worn)
 w - +0 swamp dragon scales (worn)
 A - a +0 pair of boots (worn)
 B - a +1 pair of gloves (worn)
Jewellery
 e - a ring of magical power
 v - a ring of flight
Wands
 m - a wand of light (12)
 y - a wand of roots (11)
Scrolls
 o - a scroll of vulnerability
 q - a scroll of fear
 u - a scroll of teleportation
 x - a scroll of identify
Potions
 d - 2 potions of mutation
 h - a potion of degeneration
 j - 9 potions of curing
 k - a potion of haste
 l - a potion of heal wounds
 r - a potion of brilliance
 s - 2 potions of invisibility
 t - 2 potions of attraction {unknown}
 C - a potion of magic {unknown}


   Skills:
 + Level 9.3 Fighting
 + Level 9.6 Axes
 + Level 8.4 Armour
 + Level 8.5 Shields
 - Level 8.2 Spellcasting


You had 26 spell levels left.
You didn't know any spells.
Your spell library contained the following spells:

 Spells                   Type           Power      Damage    Failure   Level
 Magic Dart               Conj           32%        1d4       14%         1
 Searing Ray              Conj           16%        2d5       22%         2
 Static Discharge         Conj/Air       16%        2-3/arc   22%         2
 Call Canine Familiar     Summ           8%         N/A       38%         3
 Portal Projectile        Hex/Tloc       16%        N/A       38%         3
 Airstrike                Air            4%         2d(1-17)  80%         4
 Fulminant Prism          Conj/Hex       4%         3d5       80%         4
 Leda's Liquefaction      Hex/Erth       4%         N/A       80%         4
 Manifold Assault         Tloc           8%         N/A       80%         4
 Summon Lightning Spire   Summ/Air       8%         N/A       80%         4
 Dispersal                Tloc           4%         N/A       100%        6
 Disjunction              Tloc           4%         N/A       100%        8


Dungeon Overview and Level Annotations

Branches:
Dungeon (8/15)             Temple (0/1) D:7         Ossuary (visited)
   Lair: D:8-11

Altars:
Ashenzari
Cheibriados
Fedhas
Gozag
Hepliaklqana
Kikubaaqudgha
Makhleb
Nemelex Xobeh
Okawaru
Trog
Wu Jian
Yredelemnul
Zin

Shops:
D:4 *   D:8 (

Annotations:
D:8 samgaumpmail's ghost, novice TrMo


Message History

You block samgaumpmail's ghost's attack.
You slash samgaumpmail's ghost!
Samgaumpmail's ghost is moderately damaged.
Samgaumpmail's ghost hits you!!
You slice samgaumpmail's ghost!!
Samgaumpmail's ghost is heavily damaged.
Samgaumpmail's ghost hits you but does no damage.
You closely miss samgaumpmail's ghost.
Samgaumpmail's ghost is heavily damaged.
Samgaumpmail's ghost hits you!
You closely miss samgaumpmail's ghost.
Samgaumpmail's ghost is heavily damaged.
You block samgaumpmail's ghost's attack.
You slash samgaumpmail's ghost!
Samgaumpmail's ghost is heavily damaged.
Samgaumpmail's ghost hits you!
You closely miss samgaumpmail's ghost.
Samgaumpmail's ghost is heavily damaged.
Samgaumpmail's ghost hits you!
You feel better. Samgaumpmail's ghost hits you!!
* * * LOW HITPOINT WARNING * * *
It was a potion of heal wounds.
You feel much better. Samgaumpmail's ghost hits you!
It was a potion of ambrosia.
You are confused.
You feel invigorated. Samgaumpmail's ghost hits you!!
* * * LOW HITPOINT WARNING * * *
You hit samgaumpmail's ghost but do no damage.
Samgaumpmail's ghost is heavily damaged.
Samgaumpmail's ghost closely misses you.
You're too confused to move!
Samgaumpmail's ghost hits you!!
* * * LOW HITPOINT WARNING * * *
Unknown command.
You closely miss samgaumpmail's ghost.
Samgaumpmail's ghost is heavily damaged.
Samgaumpmail's ghost barely misses you.
You bump into the stone wall.
Samgaumpmail's ghost hits you!
* * * LOW HITPOINT WARNING * * *
You feel better.
You feel less invigorated. Samgaumpmail's ghost hits you!!
You die...

.# ##...##..# # .#######
#######.# # .......#### ######
#.# # .#........#
#....#######.##### #
.#...#.##.####.#..............###
.....#.........................##
##...#.##.######..##########.....
#..##.##.# #..#∩.∩.∩...#...#.
#..##.##.# #@W#........#...#.
#..##.##.# #..'......:(#..##.
#..##.##.# #..#.......[#..##.
#........# #..#..∩.∩.∩.#.....
##.##.#### #..##########..#..
###.##.# #.................
....##.# #..........†...##.
##>....# ##..#####..#.####.
...###.# #####)######..#.# #.


You could see samgaumpmail's ghost.

Vanquished Creatures
  A cyclops (D:8)
  Maggie (D:7)
  Psyche (D:8)
  A ynoxinul (D:8)
  Eustachio (D:5)
  3 steam dragons
  Duvessa (D:5)
  3 water moccasins
  3 ice beasts
  An orc warrior (D:7)
  2 sky beasts
  An ogre (D:4)
  2 centaurs
  2 kobold brigands
  Blork the orc (D:4)
  4 bullfrogs
  2 scorpions (D:7)
  3 water moccasin zombies (Ossuary)
  Dowan (D:5)
  6 killer bees (D:8)
  A howler monkey (D:6)
  2 orc priests
  2 hounds
  A sleepcap (D:6)
  Natasha (twice) (D:4)
  Terence (D:3)
  6 iguanas
  7 orc wizards
  2 mummies (Ossuary)
  9 gnolls
  15 adders
  A white imp (D:8)
  4 ufetubi
  5 adder zombies (Ossuary)
  2 dart slugs
  16 orcs
  8 ball pythons
  5 endoplasms
  2 giant cockroaches
  3 goblins
  7 hobgoblins
  6 jackals
  19 kobolds
  A quokka (D:3)
  6 bats
  3 frilled lizards
  2 gnoll zombies (Ossuary)
  3 hobgoblin zombies (Ossuary)
  10 kobold zombies (Ossuary)
  3 orc zombies (Ossuary)
  4 rats
198 creatures vanquished.

Vanquished Creatures (others)
  2 orc wizards (D:7)
  A gnoll (D:7)
  3 orcs (D:7)
  5 plants
11 creatures vanquished.

Grand Total: 209 creatures vanquished

Notes
Turn   | Place    | Note
-------+----------+-------------------------------------------
     0 | D:1      | Pimp the Hill Orc Fighter began the quest for the Orb.
     0 | D:1      | Reached XP level 1. HP: 19/19 MP: 1/1
   158 | D:1      | Reached XP level 2. HP: 27/27 MP: 2/2
  1013 | D:2      | Reached XP level 3. HP: 31/33 MP: 3/3
  1015 | D:2      | Found a faded altar of an unknown god.
  1043 | D:2      | Reached XP level 4. HP: 3/40 MP: 4/4
  1760 | D:3      | Noticed Terence
  1776 | D:3      | Killed Terence
  1777 | D:3      | Reached XP level 5. HP: 32/47 MP: 5/5
  1854 | D:3      | Found a snail-covered altar of Cheibriados.
  1865 | D:3      | Became a worshipper of Cheibriados the Contemplative
  2126 | D:3      | Found an ornate altar of the Wu Jian Council.
  2141 | D:3      | Found a basalt altar of Yredelemnul.
  2340 | D:4      | Reached * piety under Cheibriados
  2360 | D:4      | Found a blossoming altar of Fedhas.
  2499 | D:4      | Noticed an ogre
  2510 | D:4      | Killed an ogre
  2511 | D:4      | Reached skill level 5 in Fighting
  2511 | D:4      | Reached XP level 6. HP: 17/56 MP: 6/6
  2702 | D:4      | Noticed Blork the orc
  2710 | D:4      | Killed Blork the orc
  2711 | D:4      | Reached skill level 5 in Axes
  3003 | D:4      | Reached skill level 5 in Armour
  3003 | D:4      | Reached skill level 5 in Shields
  3042 | D:4      | Found Gozag's Platinum Reserve.
  3043 | D:4      | Found an opulent altar of Gozag.
  3101 | D:4      | Found an ancient bone altar of Kikubaaqudgha.
  3232 | D:4      | Found a bloodstained altar of Trog.
  3268 | D:4      | Found a broken altar of Ashenzari.
  3272 | D:4      | Saw a vision of the Shoals and the Snake Pit.
  3272 | D:4      | Noticed a skyshark
  3272 | D:4      | Noticed a merfolk javelineer
  3272 | D:4      | Noticed a shock serpent
  3272 | D:4      | Noticed a snapping turtle
  3272 | D:4      | Noticed a mana viper
  3272 | D:4      | Noticed a wind drake
  3272 | D:4      | Noticed a black mamba
  3272 | D:4      | Noticed a merfolk
  3272 | D:4      | Noticed a wind drake
  3272 | D:4      | Noticed a sea snake
  3272 | D:4      | Noticed a naga
  3272 | D:4      | Noticed a merfolk
  3272 | D:4      | Noticed a naga
  3272 | D:4      | Noticed a mana viper
  3272 | D:4      | Noticed a black mamba
  3273 | D:4      | Noticed a water elemental
  3274 | D:4      | Noticed a naga mage
  3274 | D:4      | Noticed a snapping turtle
  3423 | D:4      | Noticed Natasha
  3428 | D:4      | Killed Natasha
  3429 | D:4      | Reached XP level 7. HP: 59/61 MP: 7/7
  3606 | D:4      | Noticed Natasha
  3624 | D:4      | Killed Natasha
  3664 | D:5      | Entered Level 5 of the Dungeon
  3991 | D:5      | Noticed Eustachio
  4008 | D:5      | Reached ** piety under Cheibriados
  4020 | D:5      | Killed Eustachio
  4106 | D:5      | Reached XP level 8. HP: 67/71 MP: 8/8
  4214 | D:5      | Noticed Duvessa
  4214 | D:5      | Noticed Dowan
  4221 | D:5      | Killed Duvessa
  4231 | D:5      | Killed Dowan
  4540 | D:6      | Found a sand-covered staircase.
  4560 | Ossuary  | Entered an ossuary
  4722 | Ossuary  | Reached *** piety under Cheibriados
  5273 | D:6      | Reached XP level 9. HP: 60/79 MP: 9/9
  6051 | D:7      | Reached **** piety under Cheibriados
  6139 | D:7      | Noticed Maggie
  6181 | D:7      | Killed Maggie
  6531 | D:7      | Reached XP level 10. HP: 90/90 MP: 9/22
  6678 | D:7      | Found an iron altar of Okawaru.
  6734 | D:7      | Found a staircase to the Ecumenical Temple.
  6788 | D:7      | Found a burning altar of Makhleb.
  6794 | D:7      | Found a glowing silver altar of Zin.
  6794 | D:7      | Noticed an angel
  6795 | D:7      | Noticed a blizzard demon
  6912 | D:8      | Noticed a cyclops
  6921 | D:8      | Killed a cyclops
  6996 | D:8      | Found a hazy altar of Hepliaklqana.
  7019 | D:8      | Reached XP level 11. HP: 75/97 MP: 23/23
  7265 | D:8      | Found a sparkling altar of Nemelex Xobeh.
  7380 | D:8      | Noticed samgaumpmail's ghost (novice TrMo)
  7394 | D:8      | Found a runed translucent door.
  7445 | D:8      | Found Anakli's Weapon Shoppe.
  7555 | D:8      | Noticed Psyche
  7562 | D:8      | Killed Psyche
  7946 | D:8      | HP: 4/97 [samgaumpmail's ghost (15)]
  7947 | D:8      | Mangled by samgaumpmail's ghost

Illustrated notes

Levels and vault maps discovered:
D:1:      minmay_arrival_pointy, layout_basic
D:2:      layout_basic, hellmonk_ecumenical_altar_pennies_from_heaven
D:3:      layout_rooms, kennysheep_slug_shrine,
          chequers_temple_overflow_statue_of_worship, serial_curves,
          eino_curves_02, eino_curves_02, uniq_terence
D:4:      layout_loops_corners, grunt_ashenzari_visionary
          [grunt_ashenzari_visionary_shoals, grunt_ashenzari_visionary_snake],
          general_overflow_altar, lightli_temple_of_fire, fedhas_ov_isle_minmay,
          nicolae_gozag_zags_fifth_avenue, uniq_blork_the_orc, uniq_natasha
D:5:      layout_loops_ring, uniq_duvessa, uniq_eustachio
D:6:      layout_loops_cross, enter_ossuary_1
D:7:      layout_rooms, grunt_temple_overflow_order_and_chaos_2,
          okawaru_gym_becter, minmay_temple_entry_waves, uniq_maggie
D:8:      layout_loops_ring, mainiacjoe_overflow_large_starburst,
          hellmonk_ghost_big_iron, serial_shops,
          nicolae_shop_bloodbath_and_beyond, uniq_psyche

Skill      XL: |  1  2  3  4  5  6  7  8  9 10 |
---------------+-------------------------------+-----
Axes           | 3 4 5 6 7 9 |  9.6
Fighting       | 4 5 6 7 8 9 |  9.3
Armour         | 4 5 6 7 8 |  8.4
Shields        | 4 5 6 8 |  8.5
Spellcasting   | 8 |  8.2

Action                     |  1- 3 |  4- 6 |  7- 9 | 10-12 || total
---------------------------+-------+-------+-------+-------++-------
  Melee: War axe           |    69 |   162 |   313 |   119 ||   663
    Use: Potion            |     1 |     2 |     4 |     5 ||    12
         Scroll            |       |       |    14 |       ||    14
   Stab: Sleeping          |       |       |       |     1 ||     1
 Armour: Scale mail        |    54 |       |       |       ||    54
         Plate armour      |    17 |   156 |   205 |       ||   378
         Swamp dragon scal |       |       |     3 |    59 ||    62
  Dodge: Dodged            |    51 |    59 |   122 |    79 ||   311
  Block: Buckler           |    23 |    72 |   135 |    80 ||   310

Table legend: (Time is in decaauts)
 A = Elapsed time spent in this place.
 B = Non-inter-level travel time spent in this place.
 C = Inter-level travel time spent in this place.
 D = Time resting spent in this place.
 E = Time spent auto-exploring this place.
 F = Levels seen in this place.
 G = Mean time per level.
                   A        B        C        D        E       F      G
               +--------+--------+--------+--------+--------+-----+--------+
         Total |  10008 |   9663 |    345 |   1345 |   6257 |   9 | 1112.0 |
       Dungeon |   9626 |   9281 |    345 |   1345 |   6084 |   8 | 1203.2 |
       Ossuary |    381 |    381 |      0 |      0 |    172 |   1 |  381.0 |
               +--------+--------+--------+--------+--------+-----+--------+

Top non-repeatable levels by time:
     D:4: 1690 daAuts
     D:6: 1558 daAuts
     D:8: 1551 daAuts
     D:7: 1220 daAuts
     D:5: 1085 daAuts
     D:1: 1025 daAuts
     D:2: 756 daAuts
     D:3: 737 daAuts
 Ossuary: 381 daAuts
